 Dungeon Crawl Stone Soup version 0.31.0-9-g3a7656b989 (webtiles) character file.

Game seed: 6525665864840321008

27 qw the Shooter (level 2, 0/16 HPs)
             Began as a Deep Elf Hunter on Feb 2, 2024.
             Succumbed to their own poison gas
             ... on level 1 of the Dungeon.
             The game lasted 00:00:01 (370 turns).

qw the Shooter (Deep Elf Hunter)                     Turns: 370, Time: 00:00:02

Health: 0/16       AC:  3    Str:  8    XL:     2   Next: 93%
Magic:  4/4        EV: 12    Int: 13    God:
Gold:   30         SH:  0    Dex: 18    Spells: 1/1 levels left

rFire   . . .        a - +0 shortbow
rCold   . . .        (shield currently unavailable)
rNeg    . . .        c - +0 leather armour
rPois   .            (no helmet)
rElec   .            (no cloak)
rCorr   .            (no gloves)
SInv    .            (no boots)
Will    .....        (no amulet)
Stlth   ++           (no ring)
HPRegen 0.22/turn    (no ring)
MPRegen 0.09/turn

%: no passive effects
@: lethally poisoned (0 -> -4)
A: no striking features
a: no special abilities


You were on level 1 of the Dungeon.
You visited 1 branch of the dungeon, and saw 1 of its levels.

You collected 30 gold pieces.


   Skills:
 - Level 1.5 Fighting
 + Level 6.6 Ranged Weapons
 - Level 2.4 Dodging
 - Level 1.2 Stealth


You had one spell level left.
You didn't know any spells.
Your spell library was empty.

Inventory:

Hand Weapons
 a - a +0 shortbow (weapon)
Armour
 c - a +0 leather armour (worn)
Potions
 d - a potion of resistance {unknown}
 g - a potion of cancellation {unknown}

Dungeon Overview and Level Annotations

Branches:
Dungeon (1/15)

Altars:


Message History

An endoplasm comes into view.
An endoplasm is nearby!
362 ||| READING scroll labelled VEPLOL GERINI.
As you read the scroll labelled VEPLOL GERINI, it crumbles to dust.
You hear a loud clanging noise!
It was a scroll of noise.
The endoplasm quivers.
You hear a shout!
An endoplasm is nearby!
363 ||| READING scroll labelled FAIGOIS FAHUF.
The air fills with toxic fumes!
As you read the scroll labelled FAIGOIS FAHUF, it crumbles to dust.
It was a scroll of poison.
Partly explored, can't reach some places.
364 ||| DROPPING scroll of butterflies.
You drop a scroll of butterflies.
An endoplasm is nearby!
What level of the Dungeon? (default 1, ? - help)
An endoplasm is nearby!
Enter note:
Enter note:
Enter note:
Enter note:
Enter note:
Enter note: You are engulfed in poison gas.
You are lethally poisoned!
You feel very sick.
366 ||| Stepping ~*~*~tactically~*~*~ (cloud).
You feel very sick.
You see here a scroll of butterflies.
There is a lethal amount of poison in your body!
You feel very sick.
You shoot an arrow. The arrow hits the endoplasm.
The endoplasm is heavily wounded.
You feel sick.
You shoot an arrow. The arrow barely misses the endoplasm.
You feel sick. The endoplasm barely misses you.
You shoot an arrow. The arrow hits the endoplasm!
You kill the endoplasm!
You die...

######.##..#
#......##..#
#.#######..#
#.#######..##
#.......#...###
#######.#....[#
#.###%#.#
##########0###.#.##
#0¤000¤@000¤0¤....#
#0##0000¤#0¤¤¤....#
#¤0###00¤###.#..#
#¤¤¤.#$#¤### #.#..#
#0¤¤#.###.#####.#..#
.¤#................##
##
#...###########.....#
.# #.# #........# .#
#.# #.#####..#


There were no monsters in sight!

Vanquished Creatures
  A dart slug (D:1)
  A ball python (D:1)
  3 bats (D:1)
  An endoplasm (D:1)
  A giant cockroach (D:1)
  2 goblins (D:1)
  2 hobgoblins (D:1)
  3 jackals (D:1)
  3 kobolds (D:1)
  A quokka (D:1)
  2 frilled lizards (D:1)
  4 rats (D:1)
24 creatures vanquished.

Notes
Turn   | Place    | Note
-------+----------+-------------------------------------------
     0 | D:1      | qw the Deep Elf Hunter began the quest for the Orb.
     0 | D:1      | Reached XP level 1. HP: 12/12 MP: 3/3
     0 | D:1      | 0 ||| qw: Version: 0.3-a-155-g5e7d8dd
     0 | D:1      | 0 ||| qw: Game counter: 1357
     0 | D:1      | 0 ||| qw: Melee chars always use a shield: true
     0 | D:1      | 0 ||| qw: God list: Okawaru
     0 | D:1      | 0 ||| qw: Allow faded altars: false
     0 | D:1      | 0 ||| qw: Do Orc after clearing Dungeon:15 true
     0 | D:1      | 0 ||| qw: Do second Lair branch before Depths: true
     0 | D:1      | 0 ||| qw: Lair rune preference: random
     0 | D:1      | 0 ||| qw: Goals: Normal
     0 | D:1      | 0 ||| PLANNING D:1-11
    84 | D:1      | Reached XP level 2. HP: 16/16 MP: 4/4
    88 | D:1      | Reached skill level 6 in Ranged Weapons
   362 | D:1      | 362 ||| READING scroll labelled VEPLOL GERINI.
   363 | D:1      | 363 ||| READING scroll labelled FAIGOIS FAHUF.
   364 | D:1      | 364 ||| DROPPING scroll of butterflies.
   366 | D:1      | 366 ||| Stepping ~*~*~tactically~*~*~ (cloud).
   367 | D:1      | HP: 4/16 [poisoned by you (poison gas)]
   369 | D:1      | HP: 1/16 [poisoned by you (poison gas)]
   370 | D:1      | Succumbed to their own poison gas

Levels and vault maps discovered:
D:1:      reono_arrival_mine, layout_loops_ring, item_on_display_a

Skill      XL: |  1  2 |
---------------+-------+-----
Ranged Weapons | 6 |  6.6
Fighting       | |  1.5
Dodging        | |  2.4
Stealth        | |  1.2

Action                     || total
---------------------------++-------
   Fire: Shortbow          ||    57
    Use: Scroll            ||     2
 Armour: Leather armour    ||    14
  Dodge: Dodged            ||    17

Table legend:
 A = Non-vault XP
 B = Vault XP
 C = Vault XP percentage of total XP
 D = Non-vault monster count
 E = Vault monster count
 F = Vault count percentage of total count
                 A         B        C        D         E       F
            +---------+---------+-------+---------+---------+-------
      Total |      41 |       0 |   0.0 |      24 |       0 |   0.0
            +---------+---------+-------+---------+---------+-------
        D:1 |      41 |       0 |   0.0 |      24 |       0 |   0.0
            +---------+---------+-------+---------+---------+-------
